 Dungeon Crawl Stone Soup version 0.22.1-1-ga44c0e5 (webtiles) character file.

7354 Lauz the Fencer (level 10, -7/135 HPs)
             Began as a Minotaur Berserker on Nov 2, 2018.
             Was a High Priest of Trog.
             Mangled by an orc warrior
             ... wielding a +0 glaive
              (20 damage)
             ... on level 9 of the Dungeon.
             The game lasted 00:18:33 (8650 turns).

Lauz the Fencer (Minotaur Berserker)                Turns: 8650, Time: 00:18:34

Health: -7/135     AC: 12    Str: 30    XL:     10   Next: 91%
Magic:  3/3        EV: 14    Int:  4    God:    Trog [*****.]
Gold:   520        SH:  0    Dex: 10    Spells: 9/9 levels left

rFire    + . .     SeeInvis .   B - +5 great sword (antimagic)
rCold    . . .     Gourm    .   (shield currently unavailable)
rNeg     . . .     Faith    .   z - +1 ring mail {rF+}
rPois    .         Spirit   .   (helmet restricted)
rElec    .         Reflect  .   u - +2 cloak
rCorr    .         Harm     .   J - +2 pair of gloves {archery}
MR       ++...                  (no boots)
Stlth    ..........             (no amulet)
HPRegen  1.32/turn              (no ring)
MPRegen  0.08/turn              (no ring)

@: berserking, lethally poisoned (-7 -> -7), regenerating, slowed, drained
A: retaliatory headbutt, horns 2
a: Berserk, Trog's Hand, Brothers in Arms, Renounce Religion


You were on level 9 of the Dungeon.
You worshipped Trog.
Trog was extremely pleased with you.
You were very hungry.

You visited 1 branch of the dungeon, and saw 9 of its levels.

You collected 520 gold pieces.

Inventory:

Hand Weapons
 a - a +0 falchion
 B - a +5 antimagic great sword (weapon)
Armour
 b - a +0 animal skin
 u - a +2 cloak (worn)
 x - a +0 plate armour
 z - a +1 ring mail of fire resistance (worn)
 J - a +2 pair of gloves of archery (worn)
Wands
 E - a wand of enslavement (14)
 F - a wand of paralysis (11)
Scrolls
 d - 2 scrolls of magic mapping {unknown}
 f - 4 scrolls of teleportation {unknown}
 h - a scroll of identify
 i - 2 scrolls of random uselessness {unknown}
 m - 4 scrolls of fog {unknown}
 o - a scroll of noise {unknown}
 p - 2 scrolls of enchant armour {unknown}
 v - 3 scrolls of remove curse {unknown}
 y - 2 scrolls of summoning {unknown}
 D - 2 scrolls of enchant weapon {unknown}
 H - 2 scrolls of amnesia {unknown}
Potions
 e - a potion of haste
 l - 6 potions of agility {unknown}
 n - 2 potions of brilliance
 q - 3 potions of ambrosia
 r - 2 potions of curing
 s - a potion of heal wounds
 t - a potion of magic {unknown}
 w - a potion of resistance {unknown}
 A - 5 potions of degeneration {unknown}
 C - 2 potions of flight {unknown}
 G - a potion of berserk rage {unknown}
Comestibles
 c - 14 rations
 g - a chunk of flesh


   Skills:
 + Level 8.8(8.4) Fighting
 * Level 15.8(15.3) Long Blades
 - Level 2.4(2.0) Armour
 + Level 7.9(7.5) Dodging


You had 9 spell levels left.
You didn't know any spells.
Your spell library was empty.

Dungeon Overview and Level Annotations

Branches:
Dungeon (9/15)             Temple (0/1) D:4            Lair (0/6) D:8
    Orc: D:9-12

Altars:
Ashenzari
Makhleb
Okawaru
Ru
Sif Muna
Uskayaw
Yredelemnul
Zin

Shops:
D:8 *[


Innate Abilities, Weirdness & Mutations

You reflexively headbutt those who attack you in melee.
You have a pair of horns on your head.


Message History

Trog appreciates your killing of a magic user.
The scorpion stings you but does no damage.
The orc warrior completely misses you.
You hit the scorpion. You headbutt the scorpion!
The scorpion is severely wounded.
The orc priest misses you. You furiously retaliate!
You headbutt the orc priest!!
You kill the orc priest!
Trog accepts your kill. The scorpion barely misses you.
The orc wizard gestures wildly while chanting.
The orc wizard flickers and vanishes!
Deactivating autopickup; reactivate with Ctrl-A.
You slice the scorpion!!
You feel the power of Trog in you as your rage grows.
You kill the scorpion!
Trog accepts your kill. The worker ant misses you.
The orc warrior hits you from afar with a glaive!!
You die...

#.####..#.....#
........#.....#
#########...###
......###'##############
......#.................
>.....#.................
......#.................
......#.........).......
......).....####@##...#
###########'##o)a# # ..#
#.....#...oo ..#
#.....#.....{ ..#
#.....#....... .##
#.....#........ .##
#.....#......... ..#
#.....#....##...# ..#
#.....#


You could see an orc warrior, a worker ant and 2 orcs.

Vanquished Creatures
  A two-headed ogre (D:8)
  A cyclops (D:9)
  A hornet (D:9)
  Prince Ribbit (D:6)
  4 yaks
  A wyvern (D:9)
  A hungry ghost (D:8)
  A vampire mosquito (D:8)
  Edmund (D:5)
  2 porcupines (D:8)
  5 ice beasts
  2 sky beasts
  4 black bears
  2 orc warriors
  3 phantoms
  6 ogres
  4 centaurs
  A big kobold (D:9)
  4 bullfrogs
  A wyvern skeleton (D:6)
  5 scorpions
  4 killer bees (D:8)
  2 wights
  3 crimson imps
  3 bullfrog zombies
  A centaur zombie (D:6)
  3 centaur skeletons
  5 hounds
  2 jellies (D:7)
  7 orc priests
  Ijyb (D:3)
  5 iguanas
  8 orc wizards
  A worker ant (D:4)
  A hound zombie (D:7)
  2 hound skeletons
  4 gnolls
  11 adders
  4 shadow imps
  2 oozes
  An adder skeleton (D:9)
  A worm (D:2)
  2 dart slugs
  3 leopard geckos
  42 orcs
  7 giant cockroaches
  11 goblins
  8 hobgoblins
  9 jackals
  9 kobolds
  6 quokkas
  3 ball pythons
  13 bats
  3 frilled lizards
  A jackal zombie (D:7)
  A leopard gecko skeleton (D:8)
  A leopard gecko zombie (D:7)
  2 quokka skeletons
  14 rats
257 creatures vanquished.

Notes
Turn   | Place    | Note
-------+----------+-------------------------------------------
     0 | D:1      | Lauz the Minotaur Berserker began the quest for the Orb.
     0 | D:1      | Reached XP level 1. HP: 19/19 MP: 0/0
   113 | D:1      | Reached skill level 4 in Long Blades
   300 | D:1      | Reached XP level 2. HP: 27/27 MP: 1/1
   655 | D:1      | Reached XP level 3. HP: 33/33 MP: 2/2
   875 | D:1      | Reached ** piety under Trog
  1030 | D:2      | Reached skill level 5 in Long Blades
  1030 | D:2      | Reached XP level 4. HP: 33/41 MP: 3/3
  1199 | D:2      | Found a deep blue altar of Sif Muna.
  2042 | D:3      | Found a glowing silver altar of Zin.
  2042 | D:3      | Found a burning altar of Makhleb.
  2043 | D:3      | Noticed a green death
  2043 | D:3      | Noticed an angel
  2088 | D:3      | Noticed Ijyb
  2091 | D:3      | Paralysed by Ijyb for 5 turns
  2099 | D:3      | Paralysed by Ijyb for 7 turns
  2112 | D:3      | Killed Ijyb
  2112 | D:3      | Reached skill level 6 in Long Blades
  2112 | D:3      | Reached XP level 5. HP: 33/47 MP: 4/4
  2220 | D:3      | Found a basalt altar of Yredelemnul.
  2375 | D:3      | Found an iron altar of Okawaru.
  2382 | D:3      | Reached *** piety under Trog
  2518 | D:3      | Reached XP level 6. HP: 55/55 MP: 5/5
  3119 | D:4      | Reached skill level 7 in Long Blades
  3243 | D:4      | Reached skill level 5 in Fighting
  3456 | D:4      | Found a shattered altar of Ashenzari.
  3474 | D:4      | Found a staircase to the Ecumenical Temple.
  3648 | D:4      | Found a deep blue altar of Sif Muna.
  3681 | D:5      | Entered Level 5 of the Dungeon
  3694 | D:5      | Reached skill level 8 in Long Blades
  3700 | D:5      | Reached XP level 7. HP: 45/61 MP: 6/6
  3862 | D:5      | Noticed Edmund
  3873 | D:5      | Killed Edmund
  4054 | D:5      | Reached skill level 9 in Long Blades
  4488 | D:6      | Reached XP level 8. HP: 46/69 MP: 7/7
  4729 | D:6      | Noticed Prince Ribbit
  4739 | D:6      | Reached skill level 10 in Long Blades
  4743 | D:6      | Killed Prince Ribbit
  4884 | D:6      | Reached **** piety under Trog
  4928 | D:6      | Found a sacrificial altar of Ru.
  5222 | D:6      | Reached skill level 11 in Long Blades
  5222 | D:6      | Reached skill level 5 in Dodging
  5842 | D:7      | Reached XP level 9. HP: 73/78 MP: 8/8
  5911 | D:7      | Reached skill level 12 in Long Blades
  6291 | D:7      | Reached ***** piety under Trog
  6907 | D:7      | Reached skill level 13 in Long Blades
  7406 | D:8      | Reached XP level 10. HP: 87/88 MP: 9/9
  7407 | D:8      | Received a gift from Trog
  7439 | D:8      | Reached skill level 14 in Long Blades
  7686 | D:8      | Found Guriyts's Antique Armour Shop.
  8115 | D:8      | Found Ydanyevi's General Store.
  8127 | D:8      | Noticed a two-headed ogre
  8132 | D:8      | Killed a two-headed ogre
  8174 | D:8      | Found a staircase to the Lair.
  8180 | D:8      | Reached skill level 15 in Long Blades
  8417 | D:9      | Noticed a cyclops
  8435 | D:9      | Killed a cyclops
  8557 | D:9      | Found a hide-covered altar of Uskayaw.
  8634 | D:9      | Received a gift from Trog
  8639 | D:9      | Paralysed by a hornet for 2 turns
  8645 | D:9      | Paralysed by a hornet for 2 turns
  8650 | D:9      | Mangled by an orc warrior

Skill      XL: |  1  2  3  4  5  6  7  8  9 10 |
---------------+-------------------------------+-----
Long Blades    | 4 5 6 8 9 11 13 15 | 15.8
Fighting       | 4 5 6 7 8 |  8.8
Dodging        | 3 4 5 7 |  7.9
Armour         | |  2.4

Action                   |  1- 3 |  4- 6 |  7- 9 | 10-12 || total
-------------------------+-------+-------+-------+-------++-------
Melee: Falchion          |    62 |   146 |   311 |     8 ||   527
       Headbutt          |    10 |    21 |    72 |    26 ||   129
       Great sword       |       |       |       |   106 ||   106
Invok: Berserk           |       |     1 |     9 |     2 ||    12
       Trog's Hand       |       |     1 |       |     1 ||     2
  Use: Scroll            |       |       |       |     7 ||     7
       Potion            |       |       |       |     1 ||     1
 Stab: Sleeping          |     1 |       |     1 |       ||     2
  Eat: Chunk             |       |     6 |    17 |     7 ||    30
       Ration            |       |     1 |     1 |       ||     2
Armor: Animal skin       |    12 |    38 |    53 |     1 ||   104
       Ring mail         |       |       |       |    25 ||    25
Dodge: Dodged            |    39 |   105 |   165 |   100 ||   409
       Rpst.: Falchion   |     6 |    29 |    49 |     1 ||    85
       Great sword       |       |       |       |    19 ||    19
